 Dungeon Sprint DCSS version 0.22-a0-467-g5c5de1c (webtiles) character file.

11039 emperorscorpion the Warrior (level 11, -11/83 HPs)
             Began as a Gargoyle Gladiator on June 10, 2018.
             Was the Champion of Wu Jian.
             Killed by divine providence
             ... invoked by an orc priest
              (13 damage)
             ... in the Dungeon (Sprint IX: "|||||||||||||||||||||||||||||").
             The game lasted 00:07:05 (1508 turns).

emperorscorpion the Warrior (Gargoyle Gladiator)    Turns: 1508, Time: 00:07:06

Health: -11/83     AC: 31    Str: 21    XL:     11   Next: 71%
Magic:  15/15      EV: 13    Int:  8    God:    Wu Jian [******]
Gold:   22         SH:  0    Dex: 12    Spells: 10/10 levels left

rFire    . . .     SeeInvis .   a - +2 morningstar (crush)
rCold    . . .     Gourm    .   (no shield)
rNeg     + . .     Faith    .   x - +0 plate armour
rPois    ∞         Spirit   .   c - +0 helmet
rElec    +         Reflect  .   (no cloak)
rCorr    .         Harm     .   t - +0 pair of gloves
MR       .....     NoTele   +   D - +0 pair of boots
Stlth    ..........             (no amulet)
HPRegen  0.23/turn              v - +2 ring of protection
MPRegen  0.14/turn              w - +2 ring of evasion

@: exhausted, glowing, heavenly storm
A: negative energy resistance 1, electricity resistance, unbreathing,
petrification resistance, rot immunity, AC +8
a: Wall Jump, Serpent's Lash, Heavenly Storm, Renounce Religion


You were in the Dungeon.
You worshipped Wu Jian.
Wu Jian was exalted by your worship.
You were not hungry.

You visited 1 branch You collected 22 gold pieces.

Inventory:

Hand Weapons
 a - a +2 morningstar of crushing (weapon)
 p - a +0 shortbow
 r - a +0 flail
Missiles
 d - 3 throwing nets (quivered)
 y - 19 arrows
Armour
 b - a +0 leather armour
 c - a +0 helmet (worn)
 s - a +0 helmet
 t - a +0 pair of gloves (worn)
 u - a +1 chain mail
 x - a +0 plate armour (worn)
 D - a +0 pair of boots (worn)
Magical Staves
 q - an uncursed staff of energy
Jewellery
 v - a +2 ring of protection (left hand)
 w - a +2 ring of evasion (right hand)
Scrolls
 k - 4 scrolls of blinking
 n - 4 scrolls of remove curse
 o - 2 scrolls of amnesia
 z - a scroll of summoning
 A - 2 scrolls of identify
 B - a scroll of fog
Potions
 e - 6 potions of curing
 g - 5 potions of heal wounds
 h - a potion of haste
 i - 4 potions of magic
 j - a potion of berserk rage
 l - a potion of agility
 m - a potion of invisibility
Comestibles
 f - 13 rations
 C - 6 chunks of flesh


   Skills:
 + Level 15.7 Fighting
 - Level 14.5 Maces & Flails
 + Level 5.2 Throwing
 + Level 14.0 Armour
 + Level 10.5 Dodging
 + Level 0.2 Stealth
 - Level 6.3 Evocations


You had 10 spell levels left.
You didn't know any spells.
Your spell library was empty.

Dungeon Overview and Level Annotations

Branches:
Dungeon (1/1)

Altars:
Cheibriados
Dithmenos
Elyvilon
Fedhas
Gozag
Hepliaklqana
Kikubaaqudgha
Makhleb
Nemelex Xobeh
Okawaru
Qazlal
Ru
Sif Muna
Trog
Uskayaw
Vehumet
Wu Jian
Xom
Yredelemnul
Zin
The Shining One
Beogh
Jiyva
Lugonu


Innate Abilities, Weirdness & Mutations

You are resistant to torment.
Your stone body is resilient. (AC +8)
You are immune to poison.
You resist negative energy. (rN+)
You are resistant to electric shocks. (rElec)
You can survive without breathing.
You are immune to petrification.
You are immune to rotting.


Message History

Things that are here:
a chunk of flesh; 50 gold pieces You puncture the orc priest!
You kill the orc priest!
The Council accepts your kill.
You thump the orc!
You kill the orc!
The Council accepts your kill.
You are too exhausted to lash out.
You lunge at the orc priest.
You barely miss the orc priest.
You hear a shout!
The orc priest mumbles some strange prayers to Beogh against you.
Pain shoots through your body!
* * * LOW HITPOINT WARNING * * *
Items here: $ )) † a hand axe; a flail; 150 gold pieces; an orc corpse Your plate armour prevents you from hitting the orc priest.
The orc priest mumbles some strange prayers to Beogh against you.
Beogh smites you!
You die...

▓_▓.▓.▓.▓
▓_▓.▓.▓.▓.▓
▓_▓.▓.▓.▓.▓
▓_▓.▓.▓.▓.▓
▓_▓.▓'▓.▓{▓
▓_▓.▓.▓.▓o▓
▓_▓.▓.▓.▓{▓
▓_▓.▓.▓.▓o▓
▓_▓.▓.▓.▓@▓
▓'▓.▓.▓.▓§▓
▓.▓.▓.▓.▓§▓
▓.▓.▓.▓.▓§▓
▓.▓.▓.▓.▓§▓
▓.▓.▓)▓.▓§▓
▓.▓.▓.▓.▓§▓
▓'▓.▓.▓.▓.▓
▓.▓.▓.▓.▓.▓


You could see an orc priest.

Vanquished Creatures
  Erolcha (D)
  4 hydras (D)
  2 two-headed ogres (D)
  A centaur warrior (D)
  3 lindwurms (D)
  An orc knight (D)
  Joseph (D)
  An elephant (D)
  2 spiny frogs (D)
  2 tyrant leeches (D)
  A hornet (D)
  2 hippogriffs (D)
  A yak (D)
  A hungry ghost (D)
  2 water moccasins (D)
  A porcupine (D)
  An ice beast (D)
  A black bear (D)
  2 orc warriors (D)
  A necrophage (D)
  A crocodile (D)
  4 bullfrogs (D)
  A wight (D)
  2 orc priests (D)
  3 orc wizards (D)
  2 worker ants (D)
  3 worms (D)
  2 orcs (D)
  A ball python (D)
  2 bats (D)
  A bat zombie (D)
  A giant cockroach (D)
  2 hobgoblins (D)
  A jackal skeleton (D)
  A kobold (D)
  A leopard gecko skeleton (D)
59 creatures vanquished.

Notes
Turn   | Place    | Note
-------+----------+-------------------------------------------
     0 | D        | emperorscorpion the Gargoyle Gladiator began the quest for the Orb.
     0 | D        | Reached XP level 1. HP: 12/12 MP: 1/1
    70 | D        | Noticed a worker ant
    75 | D        | Killed a worker ant
    75 | D        | Reached skill level 3 in Fighting
    75 | D        | Reached XP level 2. HP: 13/19 MP: 2/2
    75 | D        | Reached XP level 3. HP: 16/23 MP: 3/3
    89 | D        | Reached skill level 5 in Maces & Flails
    99 | D        | Found a roughly hewn altar of Beogh.
    99 | D        | Found a snail-covered altar of Cheibriados.
    99 | D        | Found a shadowy altar of Dithmenos.
    99 | D        | Found a white marble altar of Elyvilon.
    99 | D        | Found a blossoming altar of Fedhas.
    99 | D        | Found an opulent altar of Gozag.
   100 | D        | Found a hazy altar of Hepliaklqana.
   101 | D        | Found a viscous altar of Jiyva.
   102 | D        | Found an ancient bone altar of Kikubaaqudgha.
   103 | D        | Found a corrupted altar of Lugonu.
   104 | D        | Found a burning altar of Makhleb.
   105 | D        | Found a sparkling altar of Nemelex Xobeh.
   106 | D        | Found an iron altar of Okawaru.
   107 | D        | Found a stormy altar of Qazlal.
   108 | D        | Found a sacrificial altar of Ru.
   109 | D        | Found a deep blue altar of Sif Muna.
   110 | D        | Found a bloodstained altar of Trog.
   111 | D        | Found a hide-covered altar of Uskayaw.
   112 | D        | Found a radiant altar of Vehumet.
   113 | D        | Found an ornate altar of the Wu Jian Council.
   114 | D        | Found a shimmering altar of Xom.
   115 | D        | Found a basalt altar of Yredelemnul.
   116 | D        | Found a glowing silver altar of Zin.
   117 | D        | Found a glowing golden altar of the Shining One.
   123 | D        | Became a worshipper of the Wu Jian Council
   212 | D        | Noticed an ice beast
   212 | D        | Noticed an orc warrior
   212 | D        | Noticed a two-headed ogre
   212 | D        | Noticed a hornet
   213 | D        | Reached skill level 4 in Fighting
   213 | D        | Reached skill level 1 in Armour
   213 | D        | Reached XP level 4. HP: 29/29 MP: 4/4
   216 | D        | Killed a two-headed ogre
   216 | D        | Reached skill level 7 in Fighting
   216 | D        | Reached skill level 1 in Evocations
   216 | D        | Reached XP level 5. HP: 26/38 MP: 4/6
   216 | D        | Reached XP level 6. HP: 30/44 MP: 4/7
   216 | D        | Reached XP level 7. HP: 33/48 MP: 4/8
   216 | D        | Reached * piety under Wu Jian
   221 | D        | Killed a hornet
   221 | D        | Reached XP level 8. HP: 25/54 MP: 4/9
   225 | D        | Reached ** piety under Wu Jian
   225 | D        | Reached skill level 5 in Armour
   381 | D        | Noticed a five-headed hydra
   381 | D        | Noticed a two-headed ogre
   381 | D        | Noticed a centaur warrior
   392 | D        | Killed a centaur warrior
   392 | D        | Reached skill level 8 in Fighting
   392 | D        | Reached XP level 9. HP: 42/60 MP: 10/10
   401 | D        | Reached *** piety under Wu Jian
   401 | D        | Reached skill level 9 in Fighting
   402 | D        | Killed a two-headed ogre
   408 | D        | Killed a five-headed hydra
   408 | D        | Reached skill level 10 in Fighting
   408 | D        | Reached skill level 5 in Throwing
   706 | D        | Reached XP level 10. HP: 68/68 MP: 13/13
   708 | D        | Noticed a spiny frog
   713 | D        | Reached **** piety under Wu Jian
   726 | D        | Reached ***** piety under Wu Jian
   729 | D        | Killed a spiny frog
   729 | D        | Reached skill level 11 in Fighting
   731 | D        | Reached skill level 5 in Evocations
   837 | D        | Noticed a spiny frog
   837 | D        | Noticed a four-headed hydra
   837 | D        | Noticed a four-headed hydra
   843 | D        | Killed a four-headed hydra
   843 | D        | Reached skill level 10 in Armour
   850 | D        | Noticed a four-headed hydra
   853 | D        | Killed a four-headed hydra
   853 | D        | Reached skill level 12 in Fighting
   853 | D        | Reached skill level 10 in Dodging
   857 | D        | Killed a four-headed hydra
   857 | D        | Reached XP level 11. HP: 24/77 MP: 15/15
   864 | D        | Reached skill level 13 in Fighting
  1132 | D        | Noticed a lindwurm
  1132 | D        | Noticed a lindwurm
  1132 | D        | Noticed a lindwurm
  1142 | D        | Killed a lindwurm
  1147 | D        | Killed a lindwurm
  1147 | D        | Reached skill level 14 in Fighting
  1155 | D        | HP: 2/80 [lindwurm/blast of flame (24)]
  1164 | D        | Killed a lindwurm
  1177 | D        | Reached ****** piety under Wu Jian
  1219 | D        | Noticed Joseph
  1219 | D        | Noticed Erolcha
  1307 | D        | Killed Joseph
  1328 | D        | Killed Erolcha
  1328 | D        | Reached skill level 15 in Fighting
  1470 | D        | Noticed an orc knight
  1501 | D        | Killed an orc knight
  1501 | D        | HP: 2/83 [something/puff of flame (7)]
  1507 | D        | HP: 2/83 [orc priest/nerve-wracking pain (2)]
  1508 | D        | Killed from afar by an orc priest

Vault maps used:
D:        linesprint

Skill      XL: |  1  2  3  4  5  6  7  8  9 10 11 |
---------------+----------------------------------+-----
Throwing       | 2 3 4 5 |  5.2
Dodging        | 3 4 7 8 9 10 | 10.5
Fighting       | 3 4 7 8 10 12 15 | 15.7
Maces & Flails | 4 6 11 12 13 14 | 14.5
Armour         | 1 4 5 7 11 14 | 14.0
Evocations     | 1 2 4 6 |  6.3
Stealth        | |  0.2

Action                   |  1- 3 |  4- 6 |  7- 9 | 10-12 || total
-------------------------+-------+-------+-------+-------++-------
Melee: Flail             |    42 |       |       |       ||    42
       Morningstar       |       |       |    32 |   180 ||   212
Invok: Lunge             |       |       |       |     6 ||     6
       Heavenly Storm    |       |       |       |     2 ||     2
       Serpent's Lash    |       |       |       |     1 ||     1
Evoke: Wand              |       |     3 |     7 |       ||    10
  Use: Potion            |       |       |       |     4 ||     4
  Eat: Chunk             |       |       |       |     3 ||     3
Armor: Leather armour    |    21 |       |       |       ||    21
       Chain mail        |       |     3 |     2 |       ||     5
       Plate armour      |       |       |    18 |    88 ||   106
Dodge: Dodged            |    31 |       |    17 |    67 ||   115

Table legend:
 A = Spawn XP
 B = Non-spawn XP
 C = Spawn XP percentage of total XP
 D = Spawn monster count
 E = Non-spawn monster count
 F = Spawn count percentage of total count
 G = Total turns spent on level
                    A         B        C        D         E        F      G
               +---------+---------+-------+---------+---------+-------+---------
         Total |       0 |   15770 |   0.0 |       0 |      59 |   0.0 |  1508
               +---------+---------+-------+---------+---------+-------+---------
             D |       0 |   15770 |   0.0 |       0 |      59 |   0.0 |  1508
               +---------+---------+-------+---------+---------+-------+---------
